 Dungeon Crawl Stone Soup version 0.19-a0-1268-g6c5d9f8 (webtiles) character file.

670 mopl the Chopper (level 7, -4/56 HPs)
             Began as a Demonspawn Gladiator on Aug 28, 2016.
             Was an Initiate of Okawaru.
             Slain by a hound (5 damage)
             ... on level 5 of the Dungeon on Aug 29, 2016.
             The game lasted 00:07:11 (3582 turns).

mopl the Chopper (Demonspawn Gladiator)             Turns: 3582, Time: 00:07:12

Health: -4/56      AC:  2    Str: 16    XL:     7   Next: 32%
Magic:  7/7        EV:  7    Int: 10    God:    Okawaru [......]
Gold:   193        SH:  0    Dex: 18    Spells: 0 memorised, 6 levels left

rFire  . . .     SeeInvis .     a - +0 war axe
rCold  . . .     Gourm    .     h - +0 chain mail
rNeg   . . .     Faith    .     (no shield)
rPois  .         Spirit   .     c - +0 helmet
rElec  .         Dismiss  .     m - +0 cloak
rCorr  .         Reflect  .     (no gloves)
MR     .....     Harm     .     (no boots)
Stlth  ..........               (no amulet)
                                D - +5 ring of strength
                                u - -5 ring of strength (curse)

@: corroded
A: talons 1, thin skeletal structure 2, powered by death 1
a: Renounce Religion


You were on level 5 of the Dungeon.
You worshipped Okawaru.
Okawaru was noncommittal.
You were very hungry.

You visited 2 branches of the dungeon, and saw 6 of its levels.

You collected 193 gold pieces.

Inventory:

Hand Weapons
 a - a +0 war axe (weapon)
Missiles
 i - 9 javelins
 r - 8 javelins of penetration
 v - a throwing net (quivered)
 F - 16 poisoned needles
Armour
 b - a +0 leather armour
 c - a +0 helmet (worn)
 h - a +0 chain mail (worn)
 m - a +0 cloak (worn)
 C - a +0 plate armour
Jewellery
 u - a cursed -5 ring of strength (left hand)
 y - an uncursed ring of stealth
 D - a +5 ring of strength (right hand)
Wands
 B - a wand of slowing (25/48)
Scrolls
 e - a scroll of magic mapping {unknown}
 j - a scroll of teleportation {unknown}
 o - 3 scrolls of enchant armour {unknown}
 p - 2 scrolls of blinking {unknown}
 q - 5 scrolls of identify {unknown}
 t - 2 scrolls of fog {unknown}
 A - a scroll of fear {unknown}
Potions
 k - 3 potions of agility {unknown}
 l - a potion of curing {unknown}
 n - a potion of mutation {unknown}
 w - 2 potions of ambrosia {unknown}
 x - 4 potions of degeneration {unknown}
 E - a potion of flight {unknown}
Comestibles
 f - 2 bread rations
 g - a fruit
 z - a slice of pizza
 G - 2 meat rations


   Skills:
 + Level 5.2 Fighting
 * Level 6.4 Axes
 - Level 1.7 Throwing
 - Level 2.6 Dodging


You had 6 spell levels left.
You didn't know any spells.

Dungeon Overview and Level Annotations

Branches:
Dungeon (5/15)             Temple (1/1) D:4

Altars:
Cheibriados
Fedhas
Gozag
Hepliaklqana
Kikubaaqudgha
Makhleb
Nemelex Xobeh
Okawaru
Sif Muna
Uskayaw
Yredelemnul
Zin
The Shining One


Innate Abilities, Weirdness & Mutations

You have sharp toenails.
You have a moderately thin skeletal structure. (Dex +4, Stealth+)
You regenerate a little health from kills.


Message History

You hit the jelly but do no damage.
Your hands burn!
* * * LOW HITPOINT WARNING * * *
You claw the jelly, but do no damage.
The jelly is heavily wounded.
You closely miss the hound. You miss the hungry ghost. The jelly hits you.
* * * LOW HITPOINT WARNING * * *
You are splashed with acid!
The acid burns!
* * * LOW HITPOINT WARNING * * *
The hungry ghost completely misses you. The hound bites you.
* * * LOW HITPOINT WARNING * * *
The jelly hits you but does no damage.
Unknown command.
Unknown command.
You hit the jelly but do no damage.
Your hands burn!
* * * LOW HITPOINT WARNING * * *
You claw the jelly, but do no damage.
The jelly is heavily wounded.
You barely miss the hound. You closely miss the hungry ghost.
The hound bites you.
You die...

#### #.. #W#
####@# #..Jh#
.#####...o#
....$...<##
..........##.#.
...............
.........#....#
............#...
......#....## ..


You could see a hungry ghost, a hound, a jelly and an orc wizard.

Vanquished Creatures
  The ghost of Shenda the Slasher, an amateur FoFi (D:3)
  An ice beast (D:4)
  An ogre (D:4)
  A howler monkey (D:5)
  A hound (D:4)
  Ijyb (D:2)
  An iguana (D:5)
  An orc wizard (D:5)
  3 worker ants (D:4)
  4 adders
  2 oozes
  A dart slug (D:2)
  8 giant geckos
  4 orcs
  10 bats
  5 giant cockroaches
  8 goblins
  7 hobgoblins
  13 jackals
  2 quokkas
  A ball python skeleton (D:4)
  A giant gecko skeleton (D:4)
  7 giant newts
  7 kobolds
  8 rats
99 creatures vanquished.

Notes
Turn   | Place    | Note
-------+----------+-------------------------------------------
     0 | D:1      | mopl the Demonspawn Gladiator began the quest for the Orb.
     0 | D:1      | Reached XP level 1. HP: 16/16 MP: 1/1
   157 | D:1      | Reached skill level 3 in Axes
   196 | D:1      | Gained mutation: You have sharp toenails. [demonic ancestry]
   196 | D:1      | Reached XP level 2. HP: 23/23 MP: 2/2
   571 | D:1      | Gained mutation: You have a somewhat thin skeletal structure. (Dex +2, Stealth) [demonic ancestry]
   571 | D:1      | Reached XP level 3. HP: 28/28 MP: 3/3
   938 | D:2      | Noticed Ijyb
   952 | D:2      | Killed Ijyb
   952 | D:2      | Reached skill level 3 in Fighting
   952 | D:2      | Gained mutation: You regenerate a little health from kills. [demonic ancestry]
   952 | D:2      | Reached XP level 4. HP: 21/35 MP: 4/4
  1088 | D:2      | Reached skill level 4 in Axes
  1107 | D:2      | Upgraded the game from 0.19-a0-1260-gc94d3f7 to 0.19-a0-1268-g6c5d9f8
  1708 | D:3      | Noticed Shenda's ghost (amateur FoFi)
  1722 | D:3      | Killed Shenda's ghost
  1722 | D:3      | Reached skill level 4 in Fighting
  1722 | D:3      | Reached skill level 5 in Axes
  1722 | D:3      | Gained mutation: You have a moderately thin skeletal structure. (Dex +4, Stealth+) [demonic ancestry]
  1722 | D:3      | Reached XP level 5. HP: 3/42 MP: 5/5
  1927 | D:3      | Found a blossoming altar of Fedhas.
  2288 | D:3      | Found a hazy altar of Hepliaklqana.
  2317 | D:3      | Reached XP level 6. HP: 22/48 MP: 6/6
  2591 | D:3      | Found a burning altar of Makhleb.
  2906 | D:4      | Noticed an ice beast
  2923 | D:4      | Killed an ice beast
  3108 | D:4      | Found a staircase to the Ecumenical Temple.
  3117 | Temple   | Entered the Ecumenical Temple
  3131 | Temple   | Became a worshipper of Warmaster Okawaru
  3276 | D:4      | Reached skill level 6 in Axes
  3276 | D:4      | Reached XP level 7. HP: 47/55 MP: 7/7
  3369 | D:4      | Reached skill level 5 in Fighting
  3381 | D:4      | Found a sparkling altar of Nemelex Xobeh.
  3546 | D:5      | Entered Level 5 of the Dungeon
  3572 | D:5      | Noticed a hungry ghost
  3581 | D:5      | HP: 2/56 [hound (3)]
  3582 | D:5      | Slain by a hound

Vault maps used:
D:1:      lemuel_arrival_hallway
D:2:      minmay_misc_feat_plants, uniq_iyjb
D:3:      fedhas_altar_3, nicolae_overflow_crystal_walls, dk_noncrumbling_4,
          bloody_makhleb
D:4:      kennysheep_mini
D:5:      lemuel_coloured_pillars_altar, first_bread,
          nicolae_gozag_cash_rules_everything_around_me, uniq_prince_ribbit1
Temple:   nicolae_temple_great_sept

Skill      XL: |  1  2  3  4  5  6  7 |
---------------+----------------------+-----
Axes           | 3 5 6 |  6.4
Fighting       | 3 4 5 |  5.2
Throwing       | |  1.7
Dodging        | |  2.6

Action                   |  1- 3 |  4- 6 |  7- 9 || total
-------------------------+-------+-------+-------++-------
Melee: War axe           |   117 |   194 |    39 ||   350
       Kick              |    18 |    51 |    11 ||    80
Throw: Throwing net      |       |     3 |       ||     3
 Stab: Held in net/web   |       |     1 |       ||     1
  Eat: Chunk             |       |     8 |     1 ||     9
       Beef jerky        |       |       |     1 ||     1
Armor: Chain mail        |    81 |   182 |    38 ||   301
       Leather armour    |     6 |       |       ||     6
Dodge: Dodged            |    62 |    71 |    30 ||   163
